 Dungeon Crawl Stone Soup version 0.29-a0-25-g7f48f510a0 (webtiles) character file.

Game seed: 18428754130689231469

155 ddubois the Ducker (level 5, -3/40 HPs)
             Began as a Palentonga Transmuter on Jan 31, 2022.
             Slain by a gnoll (4 damage)
             ... on level 4 of the Dungeon.
             The game lasted 00:04:26 (1941 turns).

ddubois the Ducker (Palentonga Transmuter)          Turns: 1941, Time: 00:04:26

Health: -3/40      AC:  8    Str: 17    XL:     5   Next: 14%
Magic:  8/8        EV:  9    Int: 14    God:
Gold:   199        SH:  0    Dex: 10    Spells: 7/8 levels left

rFire   . . .      SeeInvis +   n - +4 mace of Sequestration {venom, rElec rF- rCorr Str+2}
rCold   . . .      Faith    .   (no shield)
rNeg    . . .      Spirit   .   r - +3 ring mail {rF+}
rPois   .          Reflect  .   (no helmet)
rElec   +          Harm     .   (no cloak)
rCorr   +          Rampage  .   (no gloves)
Will    .....                   (no barding)
Stlth   ..........              (no amulet)
HPRegen 0.13/turn               (no ring)
MPRegen 0.11/turn               (no ring)

@: flying
A: large, rugged brown scales 3, see invisible, deformed body, roll 1, armoured
tail
a: Rolling Charge


You were on level 4 of the Dungeon.
You visited 1 branch of the dungeon, and saw 4 of its levels.

You collected 199 gold pieces.

Inventory:

Hand Weapons
 n - the +4 mace of Sequestration (weapon) {venom, rElec rF- rCorr Str+2}
   (You found it on level 3 of the Dungeon)

   It poisons the flesh of those it strikes.
   Str:       It affects your strength (+2).
   rF:        It makes you vulnerable to fire.
   rElec:     It insulates you from electricity.
   rCorr:     It protects you from acid and corrosion.
Missiles
 b - 113 stones
 d - 32 arrows
 f - 48 sling bullets
Armour
 a - a +0 robe
 r - a +3 ring mail of fire resistance (worn)
Jewellery
 i - a ring of protection from fire
 o - a ring of protection from cold
Scrolls
 c - a scroll of noise {unknown}
 e - 2 scrolls of teleportation {unknown}
 h - 2 scrolls of identify {unknown}
 p - 3 scrolls of summoning {unknown}
 q - a scroll of enchant weapon {unknown}
Potions
 g - a potion of resistance {unknown}
 j - a potion of ambrosia {unknown}
 k - a potion of attraction {unknown}
 l - a potion of flight
 m - a potion of heal wounds {unknown}
 s - a potion of brilliance {unknown}


   Skills:
 + Level 1.9 Fighting
 * Level 2.0 Maces & Flails
 + Level 1.0 Armour
 + Level 3.3 Dodging
 - Level 0.1 Stealth
 - Level 3.0 Unarmed Combat
 - Level 2.0 Spellcasting
 - Level 2.0 Transmutations


You had 7 spell levels left.
You knew the following spells:

 Your Spells              Type           Power      Damage    Failure   Level
a - Beastly Appendage     Tmut           14%        N/A       19%         1

Your spell library contained the following spells:

 Spells                   Type           Power      Damage    Failure   Level
 Wereblood                Tmut           7%         N/A       28%         2
 Spider Form              Tmut/Pois      4%         N/A       65%         3
 Ice Form                 Ice/Tmut       4%         N/A       96%         4


Dungeon Overview and Level Annotations

Branches:
Dungeon (4/15)
 Temple: D:4-7

Altars:


Innate Abilities, Weirdness & Mutations

You are completely covered in rugged brown scales. (AC +3, +7% HP)
You have supernaturally acute eyesight. (SInv)
Armour fits poorly on your strangely shaped body.
You can roll at nearby foes to attack.
You have a long armoured tail.


Message History

You hear a shout!
The gnoll shaman hits you but does no damage.
The gnoll hits you but does no damage. The gnoll hits you with a +0 flail.
The gnoll barely misses you.
The gnoll shaman hits you with a +0 whip.
The gnoll hits you from afar with a +0 spear. x2
Unknown command.
The kobold hits you but does no damage.
The gnoll hits you from afar with a +0 spear!
The gnoll hits you but does no damage.
Unknown command.
You are no longer glowing.
The kobold hits you but does no damage. The gnoll hits you with a +0 spear.
* * * LOW HITPOINT WARNING * * *
The gnoll hits you from afar with a +0 spear.
* * * LOW HITPOINT WARNING * * *
The gnoll hits you but does no damage. x2
The kobold hits you with a +0 dagger.
* * * LOW HITPOINT WARNING * * *
The gnoll closely misses you. The kobold misses you.
The gnoll hits you but does no damage.
An orc priest comes into view. It is wielding a +0 hand axe.
The orc priest shouts!
The gnoll barely misses you. The orc barely misses you.
The gnoll shaman mumbles some strange prayers to its god.
The gnoll shaman is healed somewhat.
The gnoll hits you from afar with a +0 spear.
* * * LOW HITPOINT WARNING * * *
The orc closely misses you.
It was a potion of flight.
You feel very buoyant.
You fly up into the air. 2 orcs come into view.
The orc shouts! x2; You hear a shout!
The gnoll barely misses you. The orc hits you with a +0 flail.
* * * LOW HITPOINT WARNING * * *
The gnoll hits you from afar with a +0 spear.
You die...

#...# ..... #...# .... #
#...# ...#. #
#..K#######..o. ..
#...gg..g.#..##.##
#######...#####g#.......
............g.g.....#
...........g..o.oo..#
................@#..#
.#####....#.###.##..#
#..........# ...
#....#.##### ####
######....#.#
.....<......#
.####.#...### #.#...#
.?...##


You could see a gnoll shaman, an orc priest, 4 gnolls and 3 orcs.

Vanquished Creatures
  A howler monkey (D:3)
  A gnoll shaman (D:3)
  2 adders (D:3)
  A gnoll (D:1)
  3 dart slugs
  6 ball pythons
  3 endoplasms
  3 giant cockroaches
  4 goblins
  5 hobgoblins
  2 jackals (D:3)
  3 kobolds
  2 quokkas
  7 bats
  2 frilled lizards
  6 rats
51 creatures vanquished.

Notes
Turn   | Place    | Note
-------+----------+-------------------------------------------
     0 | D:1      | ddubois the Palentonga Transmuter began the quest for the
                  | Orb.
     0 | D:1      | Reached XP level 1. HP: 16/16 MP: 3/3
    61 | D:1      | Reached XP level 2. HP: 22/22 MP: 5/5
   558 | D:1      | Reached XP level 3. HP: 27/27 MP: 6/6
   944 | D:2      | Found a faded altar of an unknown god.
  1294 | D:3      | Identified the +4 mace of Sequestration {venom, rElec rF-
                  | rCorr Str+2}
  1561 | D:3      | Reached skill level 1 in Maces & Flails
  1561 | D:3      | Reached XP level 4. HP: 34/34 MP: 7/7
  1864 | D:4      | Noticed a scorpion
  1905 | D:3      | Reached skill level 1 in Armour
  1905 | D:3      | Reached XP level 5. HP: 39/40 MP: 8/8
  1941 | D:4      | HP: 1/40 [orc (5)]
  1941 | D:4      | Slain by a gnoll

Illustrated notes

Levels and vault maps discovered:
D:1:      dpeg_arrival_boxes_within_box, layout_rooms, minmay_hexomino_f4
D:2:      layout_basic, shapermc_ecumenical_altar_starsandcircs,
          minmay_misc_feat_five, kennysheep_generic_room_5
D:3:      layout_rooms, minmay_increasing_density
D:4:      layout_loops_cross, minmay_temple_entry_hall

Skill      XL: |  1  2  3  4 |
---------------+-------------+-----
Dodging        | 2 3 |  3.3
Maces & Flails | 1 2 |  2.0
Armour         | 1 |  1.0
Fighting       | |  1.9
Stealth        | |  0.1
Unarmed Combat | |  3.0
Spellcasting   | |  2.0
Transmutations | |  2.0

Action                   |  1- 3 |  4- 6 || total
-------------------------+-------+-------++-------
Melee: Unarmed           |    88 |       ||    88
       Tailslap          |    13 |     1 ||    14
       Mace              |    15 |    24 ||    39
       Punch             |     1 |       ||     1
 Abil: Rolling Charge    |    33 |    11 ||    44
  Use: Potion            |       |     1 ||     1
 Stab: Sleeping          |     1 |       ||     1
Armor: Robe              |    46 |     3 ||    49
       Ring mail         |       |    10 ||    10
Dodge: Dodged            |    61 |    17 ||    78

Table legend: (Time is in decaauts)
 A = Elapsed time spent in this place.
 B = Non-inter-level travel time spent in this place.
 C = Inter-level travel time spent in this place.
 D = Time resting spent in this place.
 E = Time spent auto-exploring this place.
 F = Levels seen in this place.
 G = Mean time per level.
                   A        B        C        D        E       F      G
               +--------+--------+--------+--------+--------+-----+--------+
         Total |   1951 |   1868 |     83 |      0 |   1555 |   4 |  487.8 |
       Dungeon |   1951 |   1868 |     83 |      0 |   1555 |   4 |  487.8 |
               +--------+--------+--------+--------+--------+-----+--------+

Top non-repeatable levels by time:
     D:1: 876 daAuts
     D:3: 733 daAuts
     D:2: 317 daAuts
     D:4: 24 daAuts
